 Dungeon Crawl Stone Soup version 0.26-a0-800-g517d6fe721 (webtiles) character file.

Game seed: 8972486236890305476

27909 Notrik the Warrior (level 13, -2/115 HPs)
             Began as a Formicid Fighter on Nov 11, 2020.
             Was a High Priest of the Shining One.
             Slain by a death yak (14 damage)
             ... on level 2 of the Lair of Beasts.
             The game lasted 00:27:16 (15530 turns).

Notrik the Warrior (Formicid Fighter)              Turns: 15530, Time: 00:27:17

Health: -2/115     AC: 11    Str: 26    XL:     13   Next: 69%
Magic:  20/20      EV: 29    Int:  8    God:    the Shining One [*****.]
Gold:   1492       SH: 13    Dex: 10    Spells: 12/12 levels left

rFire    + . .     SeeInvis +   u - +11 hand axe of Xaun {flame, rN+}
rCold    . . .     Faith    .   m - +0 kite shield
rNeg     + + +     Spirit   .   D - +0 ring mail {rF+}
rPois    +         Reflect  .   (helmet unavailable)
rElec    .         Harm     .   p - +0 cloak
rCorr    .         Rampage  .   (no gloves)
MR       +....                  i - +1 pair of boots
Stlth    ..........             B - amulet of the acrobat
HPRegen  0.29/turn              w - ring of poison resistance
MPRegen  0.17/turn              J - +4 ring of evasion

@: acrobat, glowing
A: permanent stasis, dig shafts and tunnels, four strong arms, antennae 3
a: Dig, Shaft Self, Divine Shield, Cleansing Flame, Summon Divine Warrior,
Renounce Religion


You were on level 2 of the Lair of Beasts.
You worshipped the Shining One.
The Shining One was extremely pleased with you.
You visited 4 branches of the dungeon, and saw 16 of its levels.

You collected 1492 gold pieces.

Inventory:

Hand Weapons
 r - a +0 battleaxe of freezing
   (You took it off a wight on level 7 of the Dungeon)
 u - the +11 hand axe of Xaun (weapon) {flame, rN+}
   (You found it on level 8 of the Dungeon)

   It has been specially enchanted to burn those struck by it, causing extra
   injury to most foes and up to half again as much damage against particularly
   susceptible opponents.
   Big, fiery blades are also staple armaments of hydra-hunters.
   It protects you from negative energy.
 F - a +1 battleaxe of venom
   (You took it off a wight on level 7 of the Dungeon)
Armour
 b - a +0 scale mail
 i - a +1 pair of boots (worn)
   (You found it on level 1 of the Dungeon)
 m - a +0 kite shield (worn)
 p - a +0 cloak (worn)
   (You took it off Crazy Yiuf on level 2 of the Dungeon)
 D - a +0 ring mail of fire resistance (worn)
   (You found it on level 5 of the Dungeon)
 M - a +0 plate armour
   (You found it on level 11 of the Dungeon)
Jewellery
 h - an uncursed ring of fire {unknown}
   (You found it on level 12 of the Dungeon)
 w - a ring of poison resistance (left hand)
   (You found it on level 5 of the Dungeon)
 z - an uncursed amulet of regeneration {unknown}
   (You found it on level 8 of the Dungeon)
 B - an amulet of the acrobat (around neck)
   (You found it on level 5 of the Dungeon)
 J - a +4 ring of evasion (right hand)
   (You found it on level 10 of the Dungeon)
 L - a +6 ring of strength {unknown}
   (You found it on level 11 of the Dungeon)
Wands
 c - a wand of disintegration (6)
   (You found it on level 2 of the Dungeon)
 d - a wand of iceblast (10)
   (You found it on level 10 of the Dungeon)
 v - a wand of digging (15)
   (You found it on level 2 of the Dungeon)
 H - a wand of polymorph (4)
   (You found it on level 9 of the Dungeon)
Scrolls
 a - a scroll of noise {unknown}
 g - a scroll of acquirement {unknown}
 k - 4 scrolls of fog
 l - 2 scrolls of identify {@r1}
 q - 4 scrolls of magic mapping
 s - 2 scrolls of amnesia
 t - a scroll of enchant weapon {unknown}
 y - 4 scrolls of remove curse {@r2}
 G - a scroll of fear
 P - 2 scrolls of summoning {unknown}
 Q - a scroll of random uselessness {unknown}
Potions
 e - 2 potions of cancellation {unknown}
 f - 5 potions of lignification {!q}
 j - a potion of resistance {unknown}
 n - 3 potions of degeneration {unknown}
 o - 5 potions of curing {@q1}
 x - a potion of berserk rage {unknown}
 A - 2 potions of magic {unknown}
 C - 3 potions of attraction {unknown}
 E - 6 potions of flight {unknown}
 I - 4 potions of might
 K - a potion of invisibility {unknown}
 N - 9 potions of ambrosia {unknown}
 O - a potion of brilliance {unknown}


   Skills:
 - Level 15.0 Fighting
   Level 2.0 Long Blades
 + Level 8.2 Axes
 + Level 10.3 Armour
 + Level 11.2 Shields
 + Level 10.6 Invocations


You had 12 spell levels left.
You didn't know any spells.
Your spell library contained the following spells:

 Spells                   Type           Power        Failure   Level
 Sting                    Tmut/Pois      #...         52%         1
 Poisonous Vapours        Pois/Air       #.....       65%         2
 Ignite Poison            Fire/Tmut/Pois #.......     87%         3
 Mephitic Cloud           Conj/Pois/Air  #.......     87%         3
 Cause Fear               Hex            #.........   99%         4
 Olgreb's Toxic Radiance  Pois           #.......     99%         4
 Silence                  Hex/Air        #.........   100%        5
 Yara's Violent Unravell  Hex/Tmut       #.........   100%        5
 Discord                  Hex            #.........   100%        8


Dungeon Overview and Level Annotations

Branches:
Dungeon (12/15)            Temple (1/1) D:4            Lair (2/6) D:8
    Orc (1/2) D:11
  Swamp: Lair:2-4    Shoals: Lair:2-4     Snake: Lair:2-4    Spider: Lair:2-4

Altars:
Ashenzari
Cheibriados
Dithmenos
Elyvilon
Fedhas
Gozag
Hepliaklqana
Kikubaaqudgha
Makhleb
Nemelex Xobeh
Okawaru
Qazlal
Ru
Sif Muna
Trog
Uskayaw
Vehumet
Wu Jian
Xom
Yredelemnul
Zin
The Shining One

Shops:
D:5 :   D:12 (

Portals:
Abyss: Lair:1

Annotations:
D:8 2 transporters, YoungGLord's ghost, novice GrEE
Lair:1 2 transporters, Zarkath's ghost, journeyman VSVM
Orc:1 Maurice


Innate Abilities, Weirdness & Mutations

You cannot be hasted, slowed, berserked, paralysed or teleported.
You can dig through walls and to a lower floor.
Your four strong arms can wield two-handed weapons with a shield.
You have a pair of large antennae on your head. (SInv)


Message History

You burn the wyvern. You slash the komodo dragon! You burn the komodo dragon.
The wyvern bites you. You block the komodo dragon's attack.
The death yak gores the plant!!
The death yak gores something!
You block the death yak's attack. The wyvern closely misses you.
You slash the komodo dragon! You burn the komodo dragon.
You kill the komodo dragon!
You slash the death yak! You burn the death yak. You slash the wyvern!
You burn the wyvern.
You kill the wyvern!
The death yak gores something!!
The death yak gores the plant!
You block the death yak's attack.
You slash the death yak! You burn the death yak.
You kill the death yak!
You slash the death yak! You burn the death yak.
The death yak gores the plant!!
You hit the death yak. You burn the death yak. You hit the death yak.
You burn the death yak.
A nearby plant withers and dies.
The death yak gores you but does no damage.
The death yak gores you.
You hit the death yak but do no damage. You slash the death yak!
You burn the death yak. You block the death yak's attack.
You slash the death yak! You burn the death yak. You hit the death yak.
You burn the death yak.
A nearby plant withers and dies.
The death yak gores you.
* * * LOW HITPOINT WARNING * * *
You slash the death yak! You burn the death yak. The death yak misses you.
You hit the death yak. You burn the death yak. The death yak gores you!
* * * LOW HITPOINT WARNING * * *
You hit the death yak but do no damage. The death yak gores you.
* * * LOW HITPOINT WARNING * * *
You hit the death yak. You burn the death yak. The death yak barely misses you.
You slash the death yak! You burn the death yak.
You kill the death yak!
Unknown command.
You slash the death yak! You burn the death yak. The death yak gores you!!
* * * LOW HITPOINT WARNING * * *
You slash the death yak! You burn the death yak. The death yak misses you.
You slash the death yak! You burn the death yak. The death yak gores you!
* * * LOW HITPOINT WARNING * * *
You feel better. The death yak barely misses you.
You slash the death yak! You burn the death yak.
You completely miss the death yak. The death yak barely misses you.
You block the death yak's attack.
You slash the death yak! You burn the death yak. You slash the death yak!
You burn the death yak. The death yak gores you!
* * * LOW HITPOINT WARNING * * *
You feel better. You block the death yak's attack. The death yak misses you.
You extend your mandibles.
You dig through the rock wall.
The death yak gores you!
You die...

. ###.....#.....#...... .
....>.....8.<†..#.. ..
#.....#.....#....## .(.
#....###....#...... ...#
#.8.###...##....P####
#...##....#...## .......# .
#.}...........# ......♣≈..
###.........#..###
#††♣≈♣≈≈≈.
##.......#####@###.♣≈≈≈≈PY.
##..).###...##YYY#≈{≈≈≈≈≈.
#.#.8.#.......Y..?♣≈≈Y≈≈≈.
##.+..#P.........P♣♣;≈≈≈♣.
##.........#....#[#♣ ≈≈≈≈P.
#.........P##....## ≈≈≈≈Y
###.......###P#P## ≈≈P≈.
##....#..####### ≈≈≈.
##.#...#...### ≈≈≈≈


You could see 4 death yaks.

Vanquished Creatures
  Fannar (D:11)
  2 two-headed ogres
  A boulder beetle (D:12)
  The ghost of hemabe71 the Charlatan, a novice HuAr of Trog (D:9)
  2 death yaks (Lair:2)
  Sonja (Lair:1)
  An unseen horror (D:12)
  2 cyclopes (D:12)
  An ugly thing (D:12)
  Joseph (D:8)
  A centaur zombie (D:12)
  2 cane toads
  A kobold demonologist (D:11)
  4 komodo dragons
  3 meliai (D:12)
  2 trolls
  A queen bee (D:12)
  5 blink frogs (Lair:2)
  Prince Ribbit (D:6)
  Grinder (D:5)
  4 slime creatures (D:12)
  A vampire (D:12)
  A wraith (D:11)
  A shadow (D:12)
  3 wyverns
  A basilisk (D:12)
  22 yaks
  2 steam dragons
  5 water moccasins
  4 black bears
  3 orc warriors
  2 sky beasts
  4 ogres
  6 ice beasts
  4 phantoms
  3 necrophages
  26 wolves (Lair:1)
  5 centaurs
  4 big kobolds
  Blork the orc (D:4)
  13 bullfrogs
  5 scorpions
  32 killer bees
  19 wights
  3 howler monkeys
  A spectral bullfrog (D:9)
  2 bullfrog zombies
  8 hounds
  3 quasits
  4 jellies (D:12)
  2 wyvern simulacra (D:9)
  6 bullfrog skeletons
  5 orc priests
  9 orc wizards
  Crazy Yiuf (D:2)
  6 iguanas
  7 worker ants
  A bullfrog simulacrum (D:9)
  2 hound zombies (D:7)
  2 hound skeletons
  2 mummies (D:7)
  2 worker ant zombies
  2 howler monkey skeletons
  4 gnolls (D:6)
  A howler monkey zombie (D:9)
  13 adders
  A shadow imp (D:7)
  A white imp (D:9)
  3 ufetubi
  An adder zombie (D:9)
  2 worms (D:5)
  A dart slug (D:2)
  2 leopard geckos
  49 orcs
  5 bats
  7 giant cockroaches
  6 goblins
  7 hobgoblins
  8 jackals
  18 kobolds
  6 quokkas
  4 frilled lizards
  A jackal skeleton (D:5)
  8 rats
421 creatures vanquished.

Vanquished Creatures (others)
  A black bear (D:7)
  6 fungi
  9 plants
  7 withered plants (D:7)
23 creatures vanquished.

Grand Total: 444 creatures vanquished

Notes
Turn   | Place    | Note
-------+----------+-------------------------------------------
     0 | D:1      | Notrik the Formicid Fighter began the quest for the Orb.
     0 | D:1      | Reached XP level 1. HP: 18/18 MP: 1/1
   306 | D:1      | Reached XP level 2. HP: 24/25 MP: 2/2
   331 | D:1      | Reached skill level 4 in Fighting
   680 | D:1      | Reached XP level 3. HP: 31/31 MP: 3/3
  1078 | D:2      | Reached skill level 5 in Fighting
  1225 | D:2      | Reached XP level 4. HP: 37/39 MP: 4/4
  1346 | D:2      | Found a runed translucent door.
  1347 | D:2      | Noticed Crazy Yiuf
  1787 | D:2      | Killed Crazy Yiuf
  1787 | D:2      | Reached XP level 5. HP: 43/46 MP: 5/5
  1913 | D:3      | Reached skill level 6 in Fighting
  2340 | D:3      | Reached XP level 6. HP: 22/53 MP: 6/6
  2583 | D:3      | Reached skill level 7 in Fighting
  2887 | D:4      | Found a staircase to the Ecumenical Temple.
  2997 | Temple   | Entered the Ecumenical Temple
  3084 | D:4      | Noticed Blork the orc
  3103 | D:4      | Killed Blork the orc
  3291 | D:4      | Reached skill level 8 in Fighting
  3447 | D:4      | Reached XP level 7. HP: 62/62 MP: 7/7
  3754 | Temple   | Became a worshipper of the Shining One
  3788 | D:5      | Entered Level 5 of the Dungeon
  4087 | D:5      | Reached skill level 9 in Fighting
  4288 | D:5      | Found a blossoming altar of Fedhas.
  4298 | D:5      | Reached XP level 8. HP: 61/71 MP: 8/8
  4366 | D:5      | Found a hide-covered altar of Uskayaw.
  4367 | D:5      | Noticed Grinder
  4377 | D:5      | Killed Grinder
  4377 | D:5      | Reached skill level 10 in Fighting
  4608 | D:5      | Found Rimal's Book Boutique.
  4651 | D:5      | Noticed a moth of wrath
  4926 | D:5      | Found a bloodstained altar of Trog.
  5252 | D:6      | Reached skill level 11 in Fighting
  5382 | D:6      | Reached XP level 9. HP: 68/81 MP: 9/9
  5475 | D:6      | Noticed Prince Ribbit
  5676 | D:6      | Reached skill level 12 in Fighting
  5792 | D:6      | Reached * piety under the Shining One
  5799 | D:6      | Killed Prince Ribbit
  6122 | D:6      | Found a glowing silver altar of Zin.
  6362 | D:6      | Reached skill level 13 in Fighting
  6656 | D:7      | Reached ** piety under the Shining One
  6836 | D:7      | Reached XP level 10. HP: 93/93 MP: 10/10
  6881 | D:7      | Reached skill level 14 in Fighting
  7343 | D:7      | Reached *** piety under the Shining One
  7934 | D:7      | Reached skill level 15 in Fighting
  8413 | D:8      | Reached skill level 1 in Invocations
  8758 | D:8      | Found a staircase to the Lair.
  8783 | D:8      | Noticed a two-headed ogre
  8795 | D:8      | Killed a two-headed ogre
  8795 | D:8      | Reached skill level 5 in Shields
  9053 | D:8      | Got a bloodstained hand axe
  9066 | D:8      | Identified the +11 hand axe of Xaun {flame, rN+} (You found
                  | it on level 8 of the Dungeon)
  9076 | D:8      | Noticed Joseph
  9083 | D:8      | Killed Joseph
  9083 | D:8      | Reached skill level 5 in Armour
  9141 | D:8      | Noticed YoungGLord's ghost (novice GrEE)
  9142 | D:8      | Found a transporter.
  9145 | D:8      | Found a transporter.
  9220 | D:8      | Found an ancient bone altar of Kikubaaqudgha.
  9296 | D:8      | Found a sparkling altar of Nemelex Xobeh.
  9298 | D:8      | Found an opulent altar of Gozag.
  9298 | D:8      | Found a burning altar of Makhleb.
  9299 | D:8      | Found an ornate altar of the Wu Jian Council.
  9299 | D:8      | Found a stormy altar of Qazlal.
  9300 | D:8      | Found an iron altar of Okawaru.
  9301 | D:8      | Found a bloodstained altar of Trog.
  9302 | D:8      | Found a radiant altar of Vehumet.
  9420 | D:9      | Reached XP level 11. HP: 98/102 MP: 14/14
  9517 | D:9      | Reached skill level 1 in Axes
  9622 | D:9      | Reached **** piety under the Shining One
  9641 | D:9      | Reached skill level 5 in Invocations
 10157 | D:9      | Found a runed translucent gate.
 10158 | D:9      | Found a runed translucent gate.
 10158 | D:9      | Found a runed translucent gate.
 10159 | D:9      | Noticed hemabe71's ghost (novice HuAr)
 10640 | D:9      | Killed hemabe71's ghost
 10867 | D:10     | Entered Level 10 of the Dungeon
 11486 | D:11     | Noticed Fannar
 11514 | D:11     | Killed Fannar
 11610 | D:11     | Found a staircase to the Orcish Mines.
 11776 | D:11     | Reached XP level 12. HP: 100/109 MP: 17/17
 11838 | D:11     | Reached skill level 5 in Axes
 12354 | D:12     | Reached ***** piety under the Shining One
 12613 | D:12     | Noticed a boulder beetle
 12630 | D:12     | Killed a boulder beetle
 12980 | D:12     | Noticed an unseen horror
 12989 | D:12     | Killed an unseen horror
 13073 | D:12     | Found Yciunedgh's Weapon Shop.
 13125 | D:12     | Noticed a two-headed ogre
 13130 | D:12     | Killed a two-headed ogre
 13429 | D:12     | Reached skill level 10 in Shields
 13429 | D:12     | Reached XP level 13. HP: 69/115 MP: 19/19
 13847 | Orc:1    | Entered Level 1 of the Orcish Mines
 13847 | Orc:1    | Noticed Maurice
 13937 | Lair:1   | Entered Level 1 of the Lair of Beasts
 14035 | Lair:1   | Found a transporter.
 14103 | Lair:1   | Identified the +9 trident "Xodiuj" {distort, MR+}
 14107 | Lair:1   | Noticed Zarkath's ghost (journeyman VSVM)
 14852 | Lair:1   | Noticed Sonja
 14887 | Lair:1   | Killed Sonja
 14887 | Lair:1   | Reached skill level 10 in Invocations
 15033 | Lair:1   | Found a transporter.
 15043 | Lair:1   | Found a one-way gate to the infinite horrors of the Abyss.
 15207 | Lair:1   | Reached skill level 10 in Armour
 15523 | Lair:2   | HP: 5/115 [death yak (17)]
 15526 | Lair:2   | HP: 2/115 [death yak (12)]
 15530 | Lair:2   | Slain by a death yak

Illustrated notes

Levels and vault maps discovered:
D:1:      lemuel_arrival_cross, layout_loops_ring, serial_bayou_pond_a
D:2:      layout_loops_ring, uniq_crazy_yiuf_cottage
D:3:      layout_rooms
D:4:      layout_loops_ring, minmay_temple_entry_tees, uniq_blork_the_orc
D:5:      layout_rooms, eat_drink_and_be_merry_uskayaw,
          fedhas_bush_and_centaur_altar, serial_shops, shop, tgw_trog,
          uniq_grinder
D:6:      layout_basic, zin_statuary, minmay_holes, uniq_prince_ribbit1
D:7:      minmay_polygon_palace, layout_basic, serial_undead, serial_undead_d,
          serial_undead_d, serial_undead_b, serial_undead_b, serial_undead_c,
          serial_undead_a, serial_undead_f
D:8:      layout_loops_cross, kiku_gazebo_pond_becter, minitemple,
          lair_entry_dummy, gammafunk_ghost_smash, minmay_misc_feat_diagonals,
          uniq_joseph
D:9:      layout_loops_ring, gammafunk_ghost_necromancy
D:10:     layout_roguey, chequers_jeans
D:11:     layout_basic, hiddenorc1_lemuel, chequers_mini_garden, uniq_fannar
D:12:     layout_cave_pools, serial_shops, shop_fountains, special_room
          [special_room_bee]
Temple:   eino_wide_crystal_templ
Lair:1:   layout_gridlike, gammafunk_ghost_abyssal_escape,
          grunt_forest_large_clearings, uniq_sonja
Lair:2:   layout_misc_corridors, serial_bayou_ford_a, infiniplex_staircase_pool,
          grunt_megastairs_5
Orc:1:    layout_caves, uniq_maurice

Skill      XL: |  1  2  3  4  5  6  7  8  9 10 11 12 13 |
---------------+----------------------------------------+-----
Fighting       | 4 5 6 8 9 11 13 15 | 15.0
Invocations    | 4 7 9 10 | 10.6
Shields        | 5 8 10 11 | 11.2
Armour         | 5 7 9 10 | 10.3
Axes           | 4 6 8 |  8.2
Long Blades    | |  2.0

Action                   |  1- 3 |  4- 6 |  7- 9 | 10-12 | 13-15 || total
-------------------------+-------+-------+-------+-------+-------++-------
Melee: Long sword        |    88 |    51 |   183 |       |       ||   322
       Mace              |       |   117 |    73 |       |       ||   190
       Battleaxe         |       |       |    25 |   104 |       ||   129
       Scimitar          |       |       |    14 |       |       ||    14
       Hand axe          |       |       |       |   438 |   159 ||   597
Invok: Divine Shield     |       |       |       |     3 |     1 ||     4
       Cleansing Flame   |       |       |       |       |     1 ||     1
 Abil: Dig               |       |       |       |       |     1 ||     1
  Use: Scroll            |       |     3 |     8 |     2 |       ||    13
       Potion            |       |       |       |     2 |     4 ||     6
Armor: Scale mail        |    40 |    88 |    77 |       |       ||   205
       Ring mail         |       |       |    71 |   147 |    49 ||   267
Dodge: Dodged            |    37 |    62 |   151 |   226 |   146 ||   622
Block: Kite shield       |    44 |   105 |   181 |   336 |   177 ||   843
       Rpst.: Long sword |    12 |     7 |    17 |       |       ||    36
       Scimitar          |       |       |     1 |       |       ||     1

Table legend: (Time is in decaauts)
 A = Elapsed time spent in this place.
 B = Non-inter-level travel time spent in this place.
 C = Inter-level travel time spent in this place.
 D = Time resting spent in this place.
 E = Time spent auto-exploring this place.
 F = Levels seen in this place.
 G = Mean time per level.
                   A        B        C        D        E       F      G
               +--------+--------+--------+--------+--------+-----+--------+
         Total |  15876 |  15059 |    817 |   2201 |  10001 |  16 |  992.2 |
       Dungeon |  14546 |  13790 |    756 |   2020 |   9214 |  12 | 1212.2 |
        Temple |     75 |     45 |     30 |      0 |     40 |   1 |   75.0 |
          Lair |   1253 |   1222 |     31 |    181 |    747 |   2 |  626.5 |
  Orcish Mines |      1 |      1 |      0 |      0 |      0 |   1 |    1.0 |
               +--------+--------+--------+--------+--------+-----+--------+

Top non-repeatable levels by time:
     D:7: 1877 daAuts
     D:9: 1500 daAuts
     D:8: 1451 daAuts
    D:12: 1437 daAuts
     D:5: 1367 daAuts
     D:2: 1245 daAuts
     D:6: 1231 daAuts
     D:4: 1152 daAuts
  Lair:1: 1040 daAuts
    D:11: 994 daAuts
     D:3: 871 daAuts
     D:1: 812 daAuts
    D:10: 605 daAuts
  Lair:2: 213 daAuts
  Temple: 75 daAuts
